[Event "Titled Tuesday Blitz March 28 Early 2023"]
[White "Zacurdajev, Dmitry"]
[Black "Barria Santos, Jose Guilherme"]
[WhiteFideId "4196309"]
[BlackFideId "1939300"]
[WhiteElo "2179"]
[BlackElo "2301"]
[Result "0-1"]
[Round "02"]
[TimeControl "180+2"]
[Date "2023.03.28"]
[WhiteClock "0:00:01"]
[BlackClock "0:01:00"]

1. d4 Nf6 2. c4 g6 3. Nc3 Bg7 4. e4 d6 5. Nf3 O-O 6. Be2 e5 7. O-O exd4 8. Nxd4 Re8 9. f3 c6 10. Be3 d5 11. cxd5 cxd5 12. Nc2 dxe4 13. Qxd8 Rxd8 14. fxe4 Re8 15. Bc4 Be6 16. Nd5 Bxd5 17. exd5 Nbd7 18. Bd4 a6 19. Rae1 Ne4 20. Bxg7 Kxg7 21. Nd4 Nd2 22. Rxe8 Rxe8 23. Rc1 Re4 24. Nf3 Rxc4 0-1


[Site "https://www.chess.com"]

[Event "Titled Tuesday Blitz March 28 Early 2023"]
[White "Bongo Akanga Ndjila, Barthelemy"]
[Black "Mogirzan, Matei-Valeriu"]
[WhiteFideId "10609431"]
[BlackFideId "1257455"]
[WhiteElo "1768"]
[BlackElo "1733"]
[Result "1-0"]
[Round "02"]
[TimeControl "180+2"]
[Date "2023.03.28"]
[WhiteClock "0:00:58"]
[BlackClock "0:00:01"]

1. d4 Nf6 2. c4 Nc6 3. Nf3 g6 4. Nc3 Bg7 5. e4 d6 6. Be2 O-O 7. O-O e5 8. d5 Ne7 9. Ne1 Nd7 10. g4 f5 11. f3 a5 12. Ng2 f4 13. h4 Nf6 14. Bd2 h6 15. Be1 Bd7 16. Rc1 b6 17. Bf2 Kh8 18. Nb5 Nh7 19. b3 Ng8 20. a4 Bf6 21. Qd3 h5 22. g5 Nxg5 23. hxg5 Bxg5 24. Rfd1 h4 25. Ne1 Nf6 26. Nc2 Nh5 27. Kf1 Ng3+ 28. Ke1 h3 29. Kd2 h2 30. Kc3 Bh3 31. Rh1 Nxh1 32. Rxh1 Kg7 33. Rxh2 Bd7 34. Rg2 Bh3 35. Rg1 Bd7 36. Ne1 Rh8 37. Ng2 Bxb5 38. cxb5 Rh2 39. Be1 Qd7 40. Bf1 Rah8 41. Qc4 Rh1 42. Rxh1 Rxh1 43. Bf2 Bd8 44. Kb2 Qh3 45. Kc2 Qxf3 46. Qe2 1-0


[Site "https://www.chess.com"]

[Event "Titled Tuesday Blitz March 28 Early 2023"]
[White "Olsson, William"]
[Black "Kornyukov, Alexey"]
[WhiteFideId "1741721"]
[BlackFideId "4150457"]
[WhiteElo "2197"]
[BlackElo "2352"]
[Result "1-0"]
[Round "02"]
[TimeControl "180+2"]
[Date "2023.03.28"]
[WhiteClock "0:00:34"]
[BlackClock "0:00:16"]

1. c4 e5 2. g3 Nf6 3. Bg2 Nc6 4. Nc3 Bc5 5. e3 O-O 6. Nge2 Bb4 7. O-O d6 8. Nd5 Nxd5 9. cxd5 Ne7 10. d4 exd4 11. Nxd4 Bc5 12. b3 Bxd4 13. Qxd4 Nf5 14. Qd2 Bd7 15. Bb2 f6 16. Rfc1 Rc8 17. Rc4 Qe7 18. Rac1 Bb5 19. R4c3 Nh6 20. a4 Ba6 21. Qc2 Rf7 22. Bh3 f5 23. e4 g6 24. Re3 f4 25. gxf4 Rd8 26. Qc3 Kf8 27. Be6 Rxf4 28. Qh8+ 1-0


[Site "https://www.chess.com"]

[Event "Titled Tuesday Blitz March 28 Early 2023"]
[White "Sanchez, Robert"]
[Black "Cheng, Xiao"]
[WhiteFideId "2034360"]
[BlackFideId "2022915"]
[WhiteElo "2148"]
[BlackElo "2446"]
[Result "0-1"]
[Round "02"]
[TimeControl "180+2"]
[Date "2023.03.28"]
[WhiteClock "0:02:05"]
[BlackClock "0:02:18"]

1. e4 c5 2. Nf3 e6 3. d4 cxd4 4. Nxd4 Nf6 5. Nc3 Nc6 6. Nxc6 bxc6 7. Bd3 d5 8. O-O Be7 9. f4 O-O 10. e5 Nd7 11. Rf3 g6 12. Rh3 Ba6 13. g4 Bxd3 14. cxd3 f5 15. d4 c5 16. gxf5 Rxf5 17. Ne2 Qb6 18. Ng3 Rf7 19. Be3 cxd4 20. Bxd4 Bc5 21. Bxc5 Nxc5 22. Qd4 Rxf4 23. Qxf4 Nd3+ 0-1


[Site "https://www.chess.com"]

[Event "Titled Tuesday Blitz March 28 Early 2023"]
[White "Hindermann, Felix"]
[Black "Tarnowska, Aleksandra"]
[WhiteFideId "1305212"]
[BlackFideId "1180967"]
[WhiteElo "2206"]
[BlackElo "1776"]
[Result "1-0"]
[Round "02"]
[TimeControl "180+2"]
[Date "2023.03.28"]
[WhiteClock "0:00:28"]
[BlackClock "0:00:01"]

1. e4 c5 2. c3 d5 3. exd5 Qxd5 4. d4 e6 5. Nf3 Nf6 6. Na3 a6 7. Nc4 Nbd7 8. Bg5 cxd4 9. Qxd4 Bc5 10. Qxd5 Nxd5 11. Bh4 b5 12. Na5 b4 13. c4 Nf4 14. Bg3 Nh5 15. Bd3 Nxg3 16. hxg3 Bb6 17. Be4 Ra7 18. Nb3 h6 19. O-O-O Bb7 20. Bxb7 Rxb7 21. Rhf1 Rc7 22. Nbd2 O-O 23. b3 a5 24. Kc2 a4 25. Ne4 axb3+ 26. axb3 Nc5 27. Nxc5 Bxc5 28. Ne5 Ra8 29. Nd3 Be7 30. Ra1 Rca7 31. Rxa7 Rxa7 32. Ne5 Bf6 33. Nc6 Ra2+ 34. Kd3 Rb2 35. c5 Rxb3+ 36. Kc4 Rb2 37. Nxb4 Be7 38. g4 Rc2+ 39. Kb3 Rxc5 40. Nd3 Rb5+ 41. Kc4 Ra5 42. f3 Ra4+ 43. Kb3 Rd4 44. Kc2 g6 45. Rb1 Kg7 46. Rb7 Bf6 47. Kd2 Rd8 48. Ke3 Ra8 49. Nc5 Ra3+ 50. Ke4 Ra8 51. Nxe6+ Kg8 52. Nc7 Rc8 53. Nd5 Re8+ 54. Kd3 Bg7 55. f4 Rd8 56. Kc4 Kf8 57. f5 Rc8+ 58. Kb5 gxf5 59. gxf5 Rd8 60. Kc6 f6 61. Nc7 Rd2 62. Ne6+ Ke8 63. Rxg7 Rc2+ 64. Kd6 Rd2+ 65. Kc6 Rc2+ 66. Kd5 Rd2+ 67. Ke4 Re2+ 68. Kf3 Re5 69. g4 h5 70. Rg6 hxg4+ 71. Kxg4 Re4+ 72. Kh5 Ke7 73. Rg7+ Ke8 74. Kg6 Rf4 75. Nxf4 1-0


[Site "https://www.chess.com"]

[Event "Titled Tuesday Blitz March 28 Early 2023"]
[White "dDobravcan"]
[Black "Gonzalez, Francisco Silva"]
[BlackFideId "1512285"]
[WhiteElo "2140"]
[BlackElo "2074"]
[Result "0-1"]
[Round "02"]
[TimeControl "180+2"]
[Date "2023.03.28"]
[WhiteClock "0:00:02"]
[BlackClock "0:00:32"]

1. e4 e5 2. Nf3 Nc6 3. Bb5 a6 4. Bxc6 dxc6 5. O-O Bd6 6. d4 exd4 7. Nxd4 Ne7 8. Nc3 O-O 9. f4 f5 10. e5 Bc5 11. Be3 Ba7 12. Bf2 Nd5 13. Nce2 Qe7 14. c4 Nb6 15. Qb3 Be6 16. Nxe6 Qxe6 17. Rac1 Kh8 18. Nd4 Qf7 19. e6 Qe7 20. Rce1 Rab8 21. Re5 g6 22. g4 fxg4 23. f5 c5 24. fxg6 cxd4 25. Bxd4 Rxf1+ 26. Kxf1 Rf8+ 27. Kg2 Kg8 28. c5 hxg6 29. cxb6 Bxb6 30. Bxb6 cxb6 31. Qg3 Rf5 32. Re3 Qc5 33. Re2 Qd5+ 34. Kg1 Qd1+ 35. Re1 Qd4+ 36. Kg2 Qd2+ 37. Kg1 Rf3 38. Qb8+ Kh7 39. Qe5 Rf5 40. Qc7+ Kh6 41. Qg3 Rf3 42. Qh4+ Kg7 43. Qe7+ Kh6 44. Qh4+ Kg7 45. Qe7+ Kg8 46. Qe8+ Kh7 47. Qe7+ Kh8 0-1


[Site "https://www.chess.com"]

[Event "Titled Tuesday Blitz March 28 Early 2023"]
[White "Chemin, Justo Reinaldo"]
[Black "Shivakumar, Shawnak"]
[WhiteFideId "2101580"]
[BlackFideId "30940192"]
[WhiteElo "1940"]
[BlackElo "2089"]
[Result "0-1"]
[Round "02"]
[TimeControl "180+2"]
[Date "2023.03.28"]
[WhiteClock "0:00:01"]
[BlackClock "0:01:00"]

1. d4 Nf6 2. Bg5 Ne4 3. Bf4 d5 4. f3 Nf6 5. c3 c5 6. dxc5 Nc6 7. b4 e5 8. Bg5 Be6 9. e3 h6 10. Bh4 g5 11. Bg3 Nh5 12. Bf2 a5 13. b5 Nb8 14. f4 Ng7 15. fxe5 Bxc5 16. Nd2 Qb6 17. Qe2 Nd7 18. Ngf3 g4 19. Nd4 Nxe5 20. Bg3 Ng6 21. N2b3 h5 22. e4 dxe4 23. Qxe4 a4 24. Nd2 O-O-O 25. Bf2 Rhe8 26. Be2 Bf5 27. Nc4 Bxe4 28. Nxb6+ Bxb6 29. O-O Nf4 30. Bc4 Bxg2 31. Rfe1 Bf3 32. Bxf7 Nh3+ 33. Kf1 Rxe1+ 34. Rxe1 Nxf2 35. Kxf2 Bxd4+ 36. cxd4 Rxd4 37. Kg3 Nf5+ 38. Kf2 Rd2+ 39. Kf1 Nd4 0-1


[Site "https://www.chess.com"]

[Event "Titled Tuesday Blitz March 28 Early 2023"]
[White "Meissner, Felix"]
[Black "Levine, David"]
[WhiteFideId "24671827"]
[BlackFideId "2011611"]
[WhiteElo "2350"]
[BlackElo "2113"]
[Result "1-0"]
[Round "02"]
[TimeControl "180+2"]
[Date "2023.03.28"]
[WhiteClock "0:01:33"]
[BlackClock "0:00:03"]

1. e4 e5 2. Nf3 Nc6 3. d4 exd4 4. Nxd4 Nf6 5. Nc3 Bb4 6. Nxc6 bxc6 7. Bd3 d5 8. exd5 cxd5 9. O-O O-O 10. h3 h6 11. Qf3 c6 12. Bf4 Bd6 13. Rfe1 Rb8 14. b3 Be6 15. Bxd6 Qxd6 16. Qg3 Qxg3 17. fxg3 c5 18. g4 c4 19. Bf1 a5 20. Ne2 a4 21. Nd4 cxb3 22. axb3 axb3 23. cxb3 Bd7 24. Rab1 Rb4 25. Nc2 Rb6 26. b4 Ne4 27. Nd4 Rfb8 28. b5 Nc3 29. Rb4 Kf8 30. Rc1 Ne4 31. Bd3 Nd6 32. Rc5 Be6 33. Ra4 g6 34. Ra7 R8b7 35. Ra6 Ke7 36. Ra8 Kf6 37. Kf2 Ke5 38. Ke3 f5 39. gxf5 gxf5 40. g3 h5 41. Rc6 h4 42. Rf8 hxg3 43. Nf3# 1-0


[Site "https://www.chess.com"]

[Event "Titled Tuesday Blitz March 28 Early 2023"]
[White "Bas Mas, Jose Joaquin"]
[Black "Michalski, Olaf"]
[WhiteFideId "22219064"]
[BlackFideId "1106740"]
[WhiteElo "2233"]
[BlackElo "2173"]
[Result "1-0"]
[Round "02"]
[TimeControl "180+2"]
[Date "2023.03.28"]
[WhiteClock "0:00:23"]
[BlackClock "0:00:02"]

1. e4 c5 2. Nc3 a6 3. g3 b5 4. d3 Bb7 5. Bg2 e6 6. Nh3 Ne7 7. O-O g6 8. e5 Bxg2 9. Kxg2 Bg7 10. Re1 Nbc6 11. Bf4 h6 12. Ne4 g5 13. Nd6+ Kf8 14. Qh5 Ng6 15. Be3 Bxe5 16. Bxc5 Kg7 17. f4 gxf4 18. Rxe5 Ncxe5 19. gxf4 Nh4+ 20. Kh1 Neg6 21. f5 exf5 22. Rg1 Qf6 23. Nf4 Rac8 24. Nxc8 Qc6+ 25. Ng2 Nxg2 26. Bd4+ Kh7 27. Rxg2 Nf4 28. Qxf5+ 1-0


[Site "https://www.chess.com"]

[Event "Titled Tuesday Blitz March 28 Early 2023"]
[White "Acikel, Mert"]
[Black "Balla, Tamas-Kristof"]
[WhiteFideId "12956465"]
[BlackFideId "1208497"]
[WhiteElo "2097"]
[BlackElo "2334"]
[Result "1-0"]
[Round "02"]
[TimeControl "180+2"]
[Date "2023.03.28"]
[WhiteClock "0:00:12"]
[BlackClock "0:00:07"]

1. e4 c6 2. Nc3 d5 3. Nf3 Bg4 4. h3 Bxf3 5. Qxf3 e6 6. Be2 Nf6 7. O-O Be7 8. d3 O-O 9. Bf4 c5 10. Rfe1 Nc6 11. Qg3 Re8 12. exd5 exd5 13. Nb5 Rc8 14. c3 Bf8 15. Bf3 a6 16. Nd6 Bxd6 17. Bxd6 Qd7 18. Bxc5 Ne5 19. Bd4 Ng6 20. Qg5 Re6 21. Bxf6 Rxf6 22. Bg4 Qc7 23. Bxc8 Qxc8 24. Qxd5 h6 25. Re2 Nf4 26. Qe4 Nxe2+ 27. Qxe2 Qf5 28. Re1 Re6 29. Qd2 Rxe1+ 30. Qxe1 Qxd3 31. Qe3 Qd1+ 32. Kh2 Qd6+ 33. g3 Qf6 34. Qd4 Qc6 35. h4 g6 36. Qd3 h5 37. b3 Qb6 38. Qe3 Qc6 39. c4 Qf6 40. Qc5 Qa1 41. Qc8+ Kg7 42. Qxb7 Qxa2 43. Qf3 Qa3 44. Qc3+ Kh7 45. c5 Qa2 46. Kg2 Qb1 47. c6 Qe4+ 48. Qf3 Qe7 49. Qc3 Qc7 50. Qc4 a5 51. Kf3 Kg7 52. Ke4 Kh7 53. Kd5 Kg7 54. Kc5 Kf8 55. Qd5 Qa7+ 56. Kb5 Qb8+ 57. Kxa5 Qa7+ 58. Kb5 Qb8+ 59. Kc4 Qc7 60. Qd7 Qe5 61. Qd8+ Kg7 62. Qd4 Qxd4+ 63. Kxd4 Kf6 64. c7 Ke7 65. c8=Q Kf6 66. Qc4 Kg7 1-0


[Site "https://www.chess.com"]

[Event "Titled Tuesday Blitz March 28 Early 2023"]
[White "Fernandez Garcia, Gumersindo"]
[Black "Necula, Iulian"]
[WhiteFideId "24516740"]
[BlackFideId "1232380"]
[WhiteElo "2093"]
[BlackElo "1790"]
[Result "1-0"]
[Round "02"]
[TimeControl "180+2"]
[Date "2023.03.28"]
[WhiteClock "0:00:49"]
[BlackClock "0:00:29"]

1. Nf3 d6 2. c4 f5 3. d4 Nf6 4. Nc3 g6 5. g3 Bg7 6. Bg2 O-O 7. d5 Na6 8. O-O h6 9. Nd4 Nc5 10. b3 a6 11. Bb2 Qe8 12. Qc2 e5 13. dxe6 Nxe6 14. Nxe6 Qxe6 15. Nd5 Qd7 16. Rad1 Nxd5 17. Bxd5+ Kh7 18. Bxg7 Qxg7 19. Rd2 Rb8 20. c5 c6 21. Bg2 d5 22. e3 Be6 23. Rd4 Rbe8 24. h4 Re7 25. b4 Kh8 26. a4 Bd7 27. Bf3 Re4 28. Rfd1 Rfe8 29. b5 axb5 30. axb5 Rxd4 31. Rxd4 g5 32. hxg5 hxg5 33. bxc6 bxc6 34. Rb4 f4 35. exf4 Re1+ 36. Kg2 Qh6 37. Qc3+ Kh7 38. Qxe1 Qh3+ 39. Kg1 Be6 40. Rb7+ Kg6 41. Qe5 1-0


[Site "https://www.chess.com"]

[Event "Titled Tuesday Blitz March 28 Early 2023"]
[White "Kriti Mayur Patel"]
[Black "Grot, Blazej"]
[WhiteFideId "35061780"]
[BlackFideId "21835845"]
[WhiteElo "1306"]
[BlackElo "1823"]
[Result "0-1"]
[Round "02"]
[TimeControl "180+2"]
[Date "2023.03.28"]
[WhiteClock "0:01:04"]
[BlackClock "0:01:27"]

1. e4 c5 2. d4 cxd4 3. c3 Nf6 4. e5 Nd5 5. Bc4 Qc7 6. Qxd4 Nb6 7. Bb3 Nc6 8. Qf4 Qxe5+ 9. Qxe5 Nxe5 10. Ne2 Nd3+ 11. Kd2 Nxf2 12. Rf1 Ne4+ 13. Ke3 d5 14. Bxd5 Nxd5+ 15. Kxe4 Bg4 16. Nd4 O-O-O 17. Rxf7 Nf6+ 18. Kd3 Bh5 19. Rxf6 exf6 20. Bf4 Bc5 21. Nd2 Bg6+ 22. Kc4 Bxd4 23. cxd4 b5+ 24. Kxb5 Rxd4 25. Rc1+ Kb7 26. Rc7+ Ka8 27. Rxg7 Rxf4 28. Nb3 Rb8+ 29. Ka6 Bd3+ 30. Ka5 Rb5+ 31. Ka6 Ra4+ 32. Na5 Raxa5# 0-1


[Site "https://www.chess.com"]

[Event "Titled Tuesday Blitz March 28 Early 2023"]
[White "dorpato"]
[Black "Kopczynski, Michal"]
[BlackFideId "1124200"]
[WhiteElo "2045"]
[BlackElo "2212"]
[Result "0-1"]
[Round "02"]
[TimeControl "180+2"]
[Date "2023.03.28"]
[WhiteClock "0:00:20"]
[BlackClock "0:01:20"]

1. d4 Nf6 2. Nf3 g6 3. e3 Bg7 4. Be2 O-O 5. b3 d6 6. Bb2 Nfd7 7. O-O Nc6 8. c4 e5 9. Nc3 f5 10. dxe5 Ndxe5 11. Qd2 f4 12. Nd5 fxe3 13. fxe3 Bf5 14. Nd4 Nxd4 15. exd4 Nc6 16. Bf3 Kh8 17. Ne3 Bd7 18. d5 Ne5 19. Bxe5 Bxe5 20. Rae1 Qg5 21. Qd3 Rae8 22. Nc2 Bf5 23. Qd1 Bxc2 24. Qxc2 Bxh2+ 25. Kxh2 Rxe1 26. Qc3+ Qe5+ 27. Qxe5+ Rxe5 0-1


[Site "https://www.chess.com"]

[Event "Titled Tuesday Blitz March 28 Early 2023"]
[White "Pasti, Aron"]
[Black "Estremera Panos, Sergio"]
[WhiteFideId "785857"]
[BlackFideId "2200864"]
[WhiteElo "2173"]
[BlackElo "2253"]
[Result "0-1"]
[Round "02"]
[TimeControl "180+2"]
[Date "2023.03.28"]
[WhiteClock "0:01:57"]
[BlackClock "0:01:34"]

1. e4 c5 2. d4 cxd4 3. c3 Nf6 4. e5 Nd5 5. cxd4 e6 6. Nc3 Nxc3 7. bxc3 Qc7 8. Bd2 d6 9. exd6 Bxd6 10. Nf3 O-O 11. Bd3 Nc6 12. O-O f5 13. Re1 Bd7 14. Qb3 Rae8 15. Rab1 Na5 16. Qb2 Bc6 17. Ne5 Bxe5 18. dxe5 Bd5 19. Rec1 Nc4 20. Bxc4 Qxc4 21. Qxb7 Bxb7 22. Rxb7 f4 23. Rxa7 f3 24. Rb1 fxg2 25. Kxg2 Qe4+ 0-1


[Site "https://www.chess.com"]

[Event "Titled Tuesday Blitz March 28 Early 2023"]
[White "Thecourseoisildur"]
[Black "Maranhao,Jose Renato Ruiz"]
[BlackFideId "2135175"]
[WhiteElo "2429"]
[BlackElo "1970"]
[Result "1-0"]
[Round "02"]
[TimeControl "180+2"]
[Date "2023.03.28"]
[WhiteClock "0:00:54"]
[BlackClock "0:00:03"]

1. e4 g6 2. d4 Bg7 3. Nc3 a6 4. Bf4 b5 5. a4 b4 6. Nd5 d6 7. Nxb4 c5 8. dxc5 Bxb2 9. Nd5 Qa5+ 10. Bd2 Qxc5 11. Rb1 Bd4 12. Bb4 Bxf2+ 13. Ke2 Bxg1 14. Bxc5 Bg4+ 15. Kd2 Bxd1 16. Bxg1 Nf6 17. Nxf6+ exf6 18. Kxd1 Nd7 19. Bd3 O-O 20. Bd4 Rfb8 21. Kd2 Ne5 22. Rhf1 a5 23. Rxb8+ Rxb8 24. Rxf6 Rb4 25. Rxd6 Nc4+ 26. Bxc4 Rxc4 27. Rd8# 1-0


[Site "https://www.chess.com"]

[Event "Titled Tuesday Blitz March 28 Early 2023"]
[White "Better_Chess_Faster"]
[Black "Kashtanov, Ruslan"]
[BlackFideId "4124871"]
[WhiteElo "1989"]
[BlackElo "2276"]
[Result "0-1"]
[Round "02"]
[TimeControl "180+2"]
[Date "2023.03.28"]
[WhiteClock "0:00:51"]
[BlackClock "0:01:44"]

1. d4 Nf6 2. c4 e6 3. g3 c5 4. d5 exd5 5. cxd5 d6 6. Nc3 g6 7. Bg2 Bg7 8. Nf3 O-O 9. O-O Re8 10. Bf4 Bf5 11. Nd2 Nh5 12. Be3 a6 13. a4 Nd7 14. Nc4 Ne5 15. Nxe5 Rxe5 16. Qd2 Qd7 17. Bg5 Rae8 18. e4 Bh3 19. Bxh3 Qxh3 20. f4 Rxg5 21. fxg5 Bd4+ 22. Rf2 Re5 23. Rf1 Nxg3 24. hxg3 Qxg3+ 25. Kh1 Rxg5 26. Rg2 Qh3+ 27. Rh2 Qxf1# 0-1


[Site "https://www.chess.com"]

[Event "Titled Tuesday Blitz March 28 Early 2023"]
[White "Toktomushev, Teimur"]
[Black "Vargas, Mauricio"]
[WhiteFideId "14176726"]
[BlackFideId "4404572"]
[WhiteElo "2116"]
[BlackElo "2025"]
[Result "1-0"]
[Round "02"]
[TimeControl "180+2"]
[Date "2023.03.28"]
[WhiteClock "0:00:02"]
[BlackClock "0:00:03"]

1. d4 d5 2. c4 c6 3. Nc3 e6 4. e3 dxc4 5. Bxc4 b5 6. Bb3 Bb7 7. Nf3 a6 8. O-O Nd7 9. e4 Ngf6 10. Qe2 c5 11. d5 e5 12. a4 c4 13. Bc2 b4 14. Nd1 b3 15. Bb1 Rc8 16. Ne3 a5 17. Nxc4 Be7 18. Ncxe5 Nxe5 19. Nxe5 Bd6 20. Nc4 Bb8 21. Bg5 Qc7 22. e5 Nxd5 23. Nd6+ Kf8 24. Nxc8 Bxc8 25. Bd3 Qxe5 26. Qxe5 Bxe5 27. Rac1 Be6 28. Bc4 1-0


[Site "https://www.chess.com"]

[Event "Titled Tuesday Blitz March 28 Early 2023"]
[White "Nan, M K Khine Hlyan"]
[Black "Melikhov, Evgeny V."]
[WhiteFideId "13002899"]
[BlackFideId "4122046"]
[WhiteElo "1943"]
[BlackElo "2158"]
[Result "0-1"]
[Round "02"]
[TimeControl "180+2"]
[Date "2023.03.28"]
[WhiteClock "0:01:32"]
[BlackClock "0:01:16"]

1. e4 c5 2. Nf3 d6 3. d4 cxd4 4. Nxd4 Nf6 5. Nc3 a6 6. Be2 e6 7. Be3 Be7 8. O-O O-O 9. Kh1 Qc7 10. f4 Nc6 11. Nf3 b5 12. a3 Bb7 13. Qe1 Na5 14. Qf2 Nc4 15. Bxc4 Qxc4 16. Rad1 Nxe4 17. Nxe4 Qxe4 18. Ng5 Qg6 19. Bd4 Bxg5 20. fxg5 Qxg5 21. Rd3 e5 22. Rg3 Qe7 23. Bc3 f5 24. Rd1 f4 25. Rh3 Rf6 26. Qh4 h6 27. Rhd3 f3 28. Rxd6 fxg2+ 29. Kg1 Rf1+ 30. Rxf1 gxf1=Q+ 31. Kxf1 Qxh4 0-1


[Site "https://www.chess.com"]

[Event "Titled Tuesday Blitz March 28 Early 2023"]
[White "Semenova, Alina"]
[Black "Shvedova, Alexandra"]
[WhiteFideId "24113875"]
[BlackFideId "54154782"]
[WhiteElo "1833"]
[BlackElo "2057"]
[Result "0-1"]
[Round "02"]
[TimeControl "180+2"]
[Date "2023.03.28"]
[WhiteClock "0:00:01"]
[BlackClock "0:00:13"]

1. e4 c6 2. d4 d5 3. Nd2 dxe4 4. Nxe4 Nf6 5. Nxf6+ exf6 6. Nf3 Bd6 7. Be2 O-O 8. O-O Qc7 9. h3 Bf5 10. Bd3 Bxd3 11. Qxd3 Nd7 12. Bd2 Rad8 13. c4 Rfe8 14. Rfe1 Bf4 15. Qc3 Nb6 16. b3 Nc8 17. Rad1 Bxd2 18. Nxd2 Nd6 19. Qg3 Qd7 20. Nf3 Ne4 21. Qf4 Nc3 22. Rxe8+ Rxe8 23. Rd2 Ne2+ 24. Rxe2 Rxe2 25. Qb8+ Re8 26. Qxa7 h6 27. a4 Qc7 28. Qc5 b6 29. Qf5 Qc8 30. Qd3 Qe6 31. b4 Qd6 32. Qc3 Ra8 33. a5 bxa5 34. bxa5 Qc7 35. Qd3 Qxa5 36. d5 cxd5 37. cxd5 Qc7 38. d6 Qd7 39. Nd2 Rd8 40. Nc4 Qe6 41. Qd4 g6 42. Kh2 Kg7 43. Kg1 Qd7 44. Kh2 Qc6 45. Kg1 h5 46. Kh2 Qe8 47. Kg1 Qe1+ 48. Kh2 Qb4 49. Kg1 Rc8 50. d7 Rd8 51. Nb6 Qe1+ 52. Kh2 Qe6 0-1


[Site "https://www.chess.com"]

[Event "Titled Tuesday Blitz March 28 Early 2023"]
[White "Prado, Alexandra"]
[Black "Bernat, David"]
[WhiteFideId "3301346"]
[BlackFideId "2099225"]
[WhiteElo "1759"]
[BlackElo "2423"]
[Result "0-1"]
[Round "02"]
[TimeControl "180+2"]
[Date "2023.03.28"]
[WhiteClock "0:00:03"]
[BlackClock "0:01:23"]

1. e4 c5 2. Nf3 g6 3. c3 Bg7 4. d4 cxd4 5. cxd4 d5 6. e5 Bg4 7. Bb5+ Nd7 8. O-O a6 9. Bd3 f6 10. h3 fxe5 11. hxg4 e4 12. Ng5 Qb6 13. Bc2 h6 14. Nh3 g5 15. Bb3 e6 16. Be3 Ne7 17. Nc3 Nc6 18. Na4 Qd8 19. f3 Nf6 20. Nc5 Qe7 21. f4 gxf4 22. Nxf4 Nd8 23. Ng6 Qf7 24. Nxh8 Bxh8 25. Bxh6 Qg6 26. g5 Nh7 27. Qf3 exf3 28. Rxf3 Bxd4+ 29. Kh2 Qh5+ 30. Rh3 Qg4 31. Nd3 Nxg5 32. Bxg5 Qxg5 33. Rf1 Nc6 34. Rg3 Qh6+ 35. Rh3 Qg7 36. Bd1 O-O-O 37. Bh5 Rg8 0-1


[Site "https://www.chess.com"]

[Event "Titled Tuesday Blitz March 28 Early 2023"]
[White "Warmerdam, Max"]
[Black "So, Wesley"]
[WhiteFideId "1048104"]
[BlackFideId "5202213"]
[WhiteElo "2518"]
[BlackElo "2739"]
[Result "0-1"]
[Round "03"]
[TimeControl "180+2"]
[Date "2023.03.28"]
[WhiteClock "0:00:17"]
[BlackClock "0:00:17"]

1. e4 c5 2. Nf3 d6 3. d4 cxd4 4. Qxd4 Nf6 5. e5 Nc6 6. Qa4 dxe5 7. Nxe5 Bd7 8. Nxd7 Nxd7 9. Qh4 e6 10. Qxd8+ Rxd8 11. Be2 Nd4 12. Bd1 Ne5 13. O-O Be7 14. Nd2 O-O 15. Nb3 Ndc6 16. Be2 Nb4 17. c3 Nbd3 18. Rd1 g5 19. Kf1 Kg7 20. Bxd3 Nxd3 21. Ke2 Nxc1+ 22. Raxc1 b6 23. Nd4 Rc8 24. Nb5 a6 25. Rd7 axb5 26. Rxe7 b4 27. c4 Ra8 28. Kd3 Rfc8 29. Rb7 Rc6 30. Kc2 Rxc4+ 31. Kb1 Rxc1+ 32. Kxc1 Rxa2 33. Rxb6 Ra1+ 34. Kd2 Rh1 35. h3 Rh2 36. Rxb4 Rxg2 37. Ke2 Rh2 38. Rb3 Kg6 39. Rd3 Rh1 40. Rd8 h5 41. Rg8+ Kf6 42. Rb8 Rxh3 43. b4 Rb3 0-1


[Site "https://www.chess.com"]

[Event "Titled Tuesday Blitz March 28 Early 2023"]
[White "Ivic, Velimir"]
[Black "Naroditsky, Daniel"]
[WhiteFideId "950122"]
[BlackFideId "2026961"]
[WhiteElo "2563"]
[BlackElo "2633"]
[Result "1-0"]
[Round "03"]
[TimeControl "180+2"]
[Date "2023.03.28"]
[WhiteClock "0:00:39"]
[BlackClock "0:00:35"]

1. e4 c5 2. Nf3 d6 3. d4 cxd4 4. Nxd4 Nf6 5. Nc3 a6 6. Be3 e5 7. Nb3 Be6 8. f3 Be7 9. Qd2 O-O 10. O-O-O a5 11. a4 Nc6 12. g4 Nb4 13. g5 Ne8 14. h4 Rc8 15. Kb1 d5 16. exd5 Bf5 17. Rc1 Nd6 18. Nc5 Qc7 19. N5e4 Nc4 20. Bxc4 Qxc4 21. b3 Qa6 22. Nb5 Rfd8 23. c4 Qg6 24. Qg2 Nd3 25. h5 Qa6 26. Rcd1 Nc5 27. Bxc5 Bxc5 28. h6 g6 29. Kb2 Bf8 30. Nf6+ Kh8 31. Qg3 Be7 32. Qxe5 Bxf6 33. Qxf6+ Qxf6+ 34. gxf6 Kg8 35. Rhe1 Rd7 36. Re7 Rcd8 37. Rde1 Kf8 38. Nc7 1-0


[Site "https://www.chess.com"]

[Event "Titled Tuesday Blitz March 28 Early 2023"]
[White "Vachier-Lagrave, Maxime"]
[Black "Ashraf, Artin"]
[WhiteFideId "623539"]
[BlackFideId "22514805"]
[WhiteElo "2740"]
[BlackElo "2188"]
[Result "1-0"]
[Round "03"]
[TimeControl "180+2"]
[Date "2023.03.28"]
[WhiteClock "0:00:56"]
[BlackClock "0:00:02"]

1. d4 d5 2. c4 e6 3. Nc3 a6 4. cxd5 exd5 5. Bf4 Nf6 6. e3 Bd6 7. Bg3 O-O 8. Bd3 Nc6 9. Nge2 Ne7 10. Bh4 c6 11. Bxf6 gxf6 12. Ng3 f5 13. Qh5 Qd7 14. Qg5+ Ng6 15. Nxf5 Qd8 16. Qxd8 Rxd8 17. Nxd6 Rxd6 18. h4 Bd7 19. Rc1 Re8 20. Kd2 Rf6 21. f3 h5 22. Na4 Bf5 23. Bxf5 Rxf5 24. Nc5 Re7 25. Rc3 a5 26. Rb3 b5 27. Ra3 a4 28. b3 axb3 29. axb3 Rf6 30. Ra8+ Kg7 31. b4 Nf8 32. Nd3 Ne6 33. Ne5 Nf8 34. Ra6 Ng6 35. Nd3 Rfe6 36. Re1 Nxh4 37. Nf4 Rh6 38. Rh1 Nf5 39. Nxh5+ Kg8 40. Ra8+ Kh7 41. Nf6+ Kg6 42. Rxh6+ Nxh6 43. Ng8 Re6 44. Nxh6 Kxh6 45. g4 Kg5 46. Rg8+ Kh4 47. Ke2 Kg3 48. g5 Re7 49. g6 f5 50. Rf8 Rg7 51. Rf6 f4 52. exf4 Re7+ 53. Kd2 Kxf3 54. Rxc6 Kxf4 55. Rc1 Rg7 56. Rg1 Ke4 57. Rg5 Kxd4 58. Rg4+ Ke5 59. Kd3 Kf5 60. Rg1 Ke5 61. Rg2 Ke6 62. Kd4 Kd6 63. Ra2 Rg8 64. Ra6+ Kc7 65. Kxd5 Kb7 66. Rf6 Rg7 67. Rf7+ 1-0


[Site "https://www.chess.com"]

[Event "Titled Tuesday Blitz March 28 Early 2023"]
[White "Urazayev, Arystanbek"]
[Black "Erigaisi Arjun"]
[WhiteFideId "13709810"]
[BlackFideId "35009192"]
[WhiteElo "2479"]
[BlackElo "2737"]
[Result "1-0"]
[Round "03"]
[TimeControl "180+2"]
[Date "2023.03.28"]
[WhiteClock "0:00:20"]
[BlackClock "0:00:14"]

1. d4 g6 2. c4 Bg7 3. Nc3 d6 4. Nf3 Nc6 5. g3 Bd7 6. Bg2 Qc8 7. h4 h5 8. Ng5 Nxd4 9. Bf4 e5 10. Be3 Ne7 11. Bxd4 exd4 12. Nd5 Nf5 13. Qb3 c6 14. Nf4 Qc7 15. O-O Qb6 16. Qc2 O-O 17. Rac1 Nxg3 18. c5 Qxc5 19. Qxc5 Nxe2+ 20. Nxe2 dxc5 21. Rxc5 Rad8 22. Nf4 Rfe8 23. Ra5 a6 24. Rd1 Bg4 25. Bf3 d3 26. Bxg4 hxg4 27. Ra3 d2 28. Re3 Rxe3 29. fxe3 Bxb2 30. Ne4 Bc1 31. Ne2 f5 32. Nc5 b6 33. Nb3 c5 34. Nbxc1 dxc1=Q 35. Rxc1 Rd2 36. Nf4 Kf7 37. a4 Ra2 38. Rb1 c4 39. Rxb6 c3 40. Rc6 c2 41. Ne2 Ke7 42. Nc1 Rb2 43. Kf2 Kd7 44. Rc4 Kd6 45. Ne2 a5 46. Nc1 Kd5 47. Rc8 Ke5 48. Nd3+ 1-0


[Site "https://www.chess.com"]